 Dungeon Crawl Stone Soup version 0.20.1-1-g8b1a95d (webtiles) character file.

607 Kingsmith the Magician (level 7, 0/36 HPs)
             Began as a Deep Elf Conjurer on Dec 7, 2017.
             Slain by an orc wizard
             ... wielding a +0 dagger
              (4 damage)
             ... on level 5 of the Dungeon.
             The game lasted 00:16:06 (3854 turns).

Kingsmith the Magician (Deep Elf Conjurer)          Turns: 3854, Time: 00:16:07

Health: 0/36       AC:  4    Str:  7    XL:     7   Next: 19%
Magic:  1/19       EV: 13    Int: 20    God:
Gold:   222        SH:  0    Dex: 15    Spells: 6/20 levels left

rFire    . . .     SeeInvis .   m - +0 dagger
rCold    . . .     Gourm    .   (no shield)
rNeg     . . .     Faith    .   a - +0 robe
rPois    .         Spirit   .   (no helmet)
rElec    .         Reflect  .   (no cloak)
rCorr    .         Harm     .   A - +0 pair of gloves
MR       .....                  x - +0 pair of boots
Stlth    ++........             (no amulet)
Regen    0.2/turn               d - ring of wizardry
MPRegen  0.2/turn               w - ring of wizardry

@: no status effects
A: no striking features
a: no special abilities


You were on level 5 of the Dungeon.
You were not hungry.

You visited 1 branch of the dungeon, and saw 5 of its levels.

You collected 222 gold pieces.

Inventory:

Hand Weapons
 m - a +0 dagger (weapon)
Armour
 a - a +0 robe (worn)
 x - a +0 pair of boots (worn)
 A - a +0 pair of gloves (worn)
 C - a +0 cloak
Jewellery
 d - a ring of wizardry (left hand)
 l - an uncursed ring of flight
 w - a ring of wizardry (right hand)
Scrolls
 e - a scroll of random uselessness {unknown}
 i - 2 scrolls of noise {unknown}
 k - a scroll of remove curse {unknown}
 n - 2 scrolls of blinking {unknown}
 o - a scroll of enchant armour {unknown}
 y - a scroll of teleportation {unknown}
 z - 2 scrolls of magic mapping {unknown}
 D - a scroll of recharging {unknown}
Potions
 f - a potion of agility {unknown}
 g - a potion of might {unknown}
 h - 3 potions of brilliance {unknown}
 j - a potion of mutation {unknown}
 q - a potion of lignification {unknown}
 r - a potion of flight {unknown}
 s - a potion of heal wounds {unknown}
 t - 3 potions of curing
 v - a potion of haste {unknown}
Books
 b - a book of Conjurations

   Spells                             Type                      Level
   a - Magic Dart                     Conjuration                  1
   b - Searing Ray                    Conjuration                  2
   c - Dazzling Spray                 Conjuration/Hexes            3
   d - Fulminant Prism                Conjuration/Hexes            4
   e - Force Lance                    Conjuration/Translocation    4
   f - Iskenderun's Mystic Blast      Conjuration                  4
Comestibles
 c - 3 bread rations
 p - 4 royal jellies
 u - a meat ration


   Skills:
 - Level 0.2 Fighting
 - Level 2.4 Dodging
 - Level 2.4 Stealth
 + Level 7.2 Spellcasting
 - Level 4.3 Conjurations
 - Level 4.5 Hexes
 + Level 4.7 Translocations


You had 6 spell levels left.
You knew the following spells:

 Your Spells              Type           Power        Failure   Level  Hunger
a - Magic Dart            Conj           ###.         1%          1    None
b - Searing Ray           Conj           ###...       1%          2    None
c - Dazzling Spray        Conj/Hex       ####..       1%          3    #......
d - Force Lance           Conj/Tloc      ####....     4%          4    ###....
e - Iskenderun's Mystic   Conj           ###.....     4%          4    ###....


Dungeon Overview and Level Annotations

Branches:
Dungeon (5/15)
 Temple: D:4-7

Altars:

Annotations:
D:4 Doomgape's ghost, amateur DgFi


Message History

There is a stone staircase leading up here.
Casting: Searing Ray
Confirm with . or Enter, or press ? or * to list all spells.
Aiming: Searing Ray
Press: ? - help, Shift-Dir - straight line, f - orc wizard
Aim: an orc wizard, wielding a dagger and wearing a robe (fast)
The searing ray hits the orc wizard.
The orc wizard is moderately wounded. (Press . to maintain the ray.)
The orc wizard looks satisfied for a moment.
The orc wizard hits you but does no damage.
The searing ray hits the orc wizard.
The orc wizard is moderately wounded.
The orc wizard points at you and mumbles some strange words.
The puff of frost hits you!
* * * LOW HITPOINT WARNING * * *
The searing ray hits the orc wizard.
The orc wizard is severely wounded.
The orc wizard misses you. The orc wizard hits you with a dagger.
You die...

### ... #.. .# #.# .
(# #.# .#.# #.# )..#
#@# #..# ##.# #o#
#..# #.. #.###..#
#.. #......# #..
#####.## #.# ###.#
#.# ##.#.# #.####.#.
####....####........
+.........o).)......


You could see an orc wizard.

Vanquished Creatures
  An orc warrior (D:3)
  An ice beast (D:5)
  A centaur (D:3)
  A howler monkey (D:4)
  2 orc priests
  An orc wizard (D:4)
  8 adders
  An ooze (D:1)
  2 adder zombies (D:1)
  2 worms (D:2)
  A dart slug (D:1)
  5 leopard geckos
  14 orcs
  A ball python (D:2)
  6 bats
  6 giant cockroaches
  4 goblins
  7 hobgoblins
  A quokka (D:3)
  6 frilled lizards
  13 kobolds
  6 rats
90 creatures vanquished.

Vanquished Creatures (others)
  An orc wizard (D:5)
1 creature vanquished.

Grand Total: 91 creatures vanquished

Notes
Turn   | Place    | Note
-------+----------+-------------------------------------------
     0 | D:1      | Kingsmith the Deep Elf Conjurer began the quest for the Orb.
     0 | D:1      | Reached XP level 1. HP: 10/10 MP: 6/6
    91 | D:1      | Reached XP level 2. HP: 11/15 MP: 3/8
    95 | D:1      | Learned a level 2 spell: Searing Ray
   177 | D:1      | Reached skill level 4 in Spellcasting
   628 | D:1      | Reached XP level 3. HP: 19/19 MP: 9/11
   642 | D:1      | Reached skill level 5 in Spellcasting
   997 | D:2      | Learned a level 3 spell: Dazzling Spray
  1228 | D:2      | Reached XP level 4. HP: 24/24 MP: 10/13
  1390 | D:2      | Reached skill level 6 in Spellcasting
  1794 | D:2      | Learned a level 4 spell: Force Lance
  1799 | D:2      | Learned a level 4 spell: Iskenderun's Mystic Blast
  1881 | D:3      | Reached skill level 1 in Hexes
  1933 | D:3      | Noticed an orc warrior
  1971 | D:3      | Killed an orc warrior
  1971 | D:3      | Reached XP level 5. HP: 7/28 MP: 3/15
  2626 | D:3      | Noticed a centaur
  2631 | D:3      | Killed a centaur
  2631 | D:3      | Reached XP level 6. HP: 15/32 MP: 12/17
  3368 | D:4      | Noticed Doomgape's ghost (amateur DgFi)
  3803 | D:5      | Entered Level 5 of the Dungeon
  3823 | D:5      | Noticed an ice beast
  3838 | D:5      | Killed an ice beast
  3838 | D:5      | Reached skill level 7 in Spellcasting
  3838 | D:5      | Reached XP level 7. HP: 20/36 MP: 4/19
  3854 | D:5      | Slain by an orc wizard

Skill      XL: |  1  2  3  4  5  6 |
---------------+-------------------+-----
Spellcasting   | 4 5 6 7 |  7.2
Hexes          | 3 4 |  4.5
Translocations | 2 3 4 |  4.7
Fighting       | |  0.2
Dodging        | |  2.4
Stealth        | |  2.4
Conjurations   | |  4.3

Action                   |  1- 3 |  4- 6 |  7- 9 || total
-------------------------+-------+-------+-------++-------
Melee: Dagger            |     3 |     5 |     1 ||     9
 Cast: Magic Dart        |    72 |   116 |       ||   188
       Searing Ray       |       |    17 |     1 ||    18
       Dazzling Spray    |       |     4 |       ||     4
  Eat: Chunk             |     1 |     8 |       ||     9
Armor: Robe              |     1 |     6 |     2 ||     9
Dodge: Dodged            |    18 |    37 |     1 ||    56
